 Dungeon Crawl Stone Soup version 0.29.1-2-gbd0b4ee654 (webtiles) character file.

Game seed: 3548312403400294961

141 sanboga the Shield-Bearer (level 5, -1/42 HPs)
             Began as a Formicid Fighter on Nov 20, 2022.
             Slain by a kobold
             ... wielding a +0 short sword
              (4 damage)
             ... on level 3 of the Dungeon.
             The game lasted 00:03:06 (1973 turns).

sanboga the Shield-Bearer (Formicid Fighter)        Turns: 1973, Time: 00:03:06

Health: -1/42      AC: 16    Str: 22    XL:     5   Next: 48%
Magic:  5/5        EV:  7    Int:  8    God:
Gold:   155        SH:  5    Dex: 13    Spells: 4/4 levels left

rFire   . . .      SeeInvis +   a - +0 war axe
rCold   . . .      Faith    .   c - +0 buckler
rNeg    . . .      Spirit   .   m - +7 chain mail "Ceuzain" {rCorr}
rPois   .          Reflect  .   (helmet unavailable)
rElec   .          Harm     .   (no cloak)
rCorr   +          Rampage  .   (no gloves)
Will    .....                   (no boots)
Stlth   ..........              (no amulet)
HPRegen 0.14/turn               (no ring)
MPRegen 0.09/turn               (no ring)

@: no status effects
A: permanent stasis, dig shafts and tunnels, antennae 3, four strong arms
a: Dig, Shaft Self


You were on level 3 of the Dungeon.
You visited 1 branch of the dungeon, and saw 3 of its levels.

You collected 155 gold pieces.

Inventory:

Hand Weapons
 a - a +0 war axe (weapon)
Armour
 c - a +0 buckler (worn)
 m - the +7 chain mail "Ceuzain" (worn) {rCorr}
   (You found it on level 2 of the Dungeon)

   rCorr:     It protects you from acid and corrosion.
Wands
 o - a wand of mindburst (9)
Scrolls
 e - a scroll of magic mapping {unknown}
 f - 3 scrolls of identify {unknown}
 i - a scroll of silence {unknown}
 j - 2 scrolls of teleportation {unknown}
 k - a scroll of immolation {unknown}
 l - 2 scrolls of amnesia {unknown}
 p - 3 scrolls of poison {unknown}
 r - 2 scrolls of vulnerability {unknown}
Potions
 b - 2 potions of haste {unknown}
 d - a potion of might
 g - a potion of lignification {unknown}
 h - a potion of curing {unknown}
 n - a potion of brilliance {unknown}
 q - a potion of flight {unknown}
 s - a potion of heal wounds {unknown}


   Skills:
 + Level 4.2 Fighting
 + Level 3.0 Axes
 + Level 4.2 Armour
 + Level 5.1 Shields


You had 4 spell levels left.
You didn't know any spells.
Your spell library contained the following spells:

 Spells                   Type           Power      Damage    Failure   Level
 Ensorcelled Hibernation  Hex/Ice        0%         N/A       100%        2
 Passwall                 Tmut/Erth      0%         N/A       100%        2
 Swiftness                Air            Unusable   N/A       N/A         3

Dungeon Overview and Level Annotations

Branches:
Dungeon (3/15)

Altars:


Innate Abilities, Weirdness & Mutations

You cannot be hasted, slowed, berserked, paralysed or teleported.
You can dig through walls and to a lower floor.
You have a pair of large antennae on your head. (SInv)
Your four strong arms can wield two-handed weapons with a shield.


Message History

Beogh smites you!
* * * LOW HITPOINT WARNING * * *
The orc priest hits you but does no damage.
You are too injured to fight recklessly!
You are too injured to fight recklessly!
You are too injured to fight recklessly!
You are too injured to fight recklessly!
You are too injured to fight recklessly!
You are too injured to fight recklessly!
You hit the orc priest.
You kill the orc priest!
Your Axes skill increases to level 3!
You slash the orc!
You kill the orc!
The kobold throws a poisoned dart.
The poisoned dart closely misses you.
You closely miss the kobold.
The kobold hits you with a +0 short sword.
* * * LOW HITPOINT WARNING * * *
You barely miss the kobold. The kobold hits you but does no damage.
You hit the kobold but do no damage. The kobold barely misses you.
The kobold hits you with a +0 short sword.
* * * LOW HITPOINT WARNING * * *
You barely miss the kobold. You block the kobold's attack.
You closely miss the kobold. You block the kobold's attack.
The kobold barely misses you.
You hit the kobold but do no damage. The kobold hits you but does no damage.
You closely miss the kobold. The kobold hits you but does no damage.
The kobold hits you with a +0 short sword.
* * * LOW HITPOINT WARNING * * *
You closely miss the kobold. You block the kobold's attack.
You closely miss the kobold. The kobold hits you but does no damage.
You closely miss the kobold. The kobold barely misses you.
You block the kobold's attack.
You closely miss the kobold.
The kobold hits you with a +0 short sword.
* * * LOW HITPOINT WARNING * * *
You closely miss the kobold. The kobold hits you but does no damage.
You closely miss the kobold.
The kobold hits you with a +0 short sword.
You die...

# #.# #.# # #.#
#.# # #.# #.# #
#.# #####.#### #
#.# #........# #
#.# #.###.##.#
#####.###.#....#.#
...)......#.#..#.#
......#####.#..#@#
####### . ...#K#
.# #.##o# #.
...#.# # ####.#
..# #.# #.#


You could see an orc and a kobold.

Vanquished Creatures
  An orc priest (D:3)
  5 adders
  A worm (D:2)
  3 dart slugs
  4 orcs (D:3)
  3 bats
  6 endoplasms
  A giant cockroach (D:1)
  6 goblins (D:1)
  4 hobgoblins
  4 jackals (D:2)
  2 ball pythons
  2 frilled lizards
  5 kobolds
  6 rats
53 creatures vanquished.

Notes
Turn   | Place    | Note
-------+----------+-------------------------------------------
     0 | D:1      | sanboga the Formicid Fighter began the quest for the Orb.
     0 | D:1      | Reached XP level 1. HP: 18/18 MP: 1/1
   176 | D:1      | Reached XP level 2. HP: 24/24 MP: 2/2
   405 | D:1      | Reached XP level 3. HP: 29/29 MP: 3/3
   751 | D:1      | Found a faded altar of an unknown god.
   936 | D:2      | Reached XP level 4. HP: 33/37 MP: 4/4
   975 | D:2      | Identified the +7 chain mail "Ceuzain" {rCorr}
  1844 | D:3      | Reached skill level 5 in Shields
  1844 | D:3      | Reached XP level 5. HP: 38/42 MP: 5/5
  1973 | D:3      | Slain by a kobold

Illustrated notes

Levels and vault maps discovered:
D:1:      dpeg_arrival_simpleton_c, layout_loops_ring,
          shapermc_ecumenical_altar_mp_urbaneastern, minmay_3d_cube
D:2:      layout_rooms, minmay_misc_feat_pillars
D:3:      layout_basic, chequers_serial_rivers_marsh

Skill      XL: |  1  2  3  4  5 |
---------------+----------------+-----
Fighting       | 4 |  4.2
Armour         | 4 |  4.2
Shields        | 5 |  5.1
Axes           | 3 |  3.0

Action                   |  1- 3 |  4- 6 || total
-------------------------+-------+-------++-------
Melee: War axe           |    93 |    81 ||   174
Armor: Plate armour      |    74 |     3 ||    77
       Scale mail        |     2 |       ||     2
       Chain mail        |       |    37 ||    37
Dodge: Dodged            |    24 |    24 ||    48
Block: Buckler           |    33 |    22 ||    55
